 Dungeon Crawl Stone Soup version 0.31-a0-965-g8a8ce12e04 (webtiles) character file.

Game seed: 4599222980961574583

2571 mattiecakes the Trooper (level 9, -3/70 (86) HPs)
             Began as an Armataur Berserker on Oct 27, 2023.
             Was an Elder of Trog.
             Slain by a wight
             ... wielding a +4 great sword
              (4 damage)
             ... on level 8 of the Dungeon.
             The game lasted 00:24:07 (6903 turns).

mattiecakes the Trooper (Armataur Berserker)        Turns: 6903, Time: 00:24:13

HP:   -3/70 (86)    AC: 13    Str: 34    XL:     9   Next: 32%
MP:   9/9           EV:  6    Int:  7    God:    Trog [****..]
Gold: 394           SH:  0    Dex:  9    Spells: 8/8 levels left

rFire   . . .        x - +1 glaive (vamp)
rCold   . . .        (shield currently unavailable)
rNeg    . . .        b - +0 plate armour
rPois   +            (no helmet)
rElec   .            (no cloak)
rCorr   .            (no gloves)
SInv    .            (no barding)
Will    .....        e - amulet of magic regeneration Stlth
                     d - ring of poison resistance
HPRegen 0.31/turn    o - +6 ring of strength
MPRegen 0.51/turn

%: roll
@: marked, heavily drained
A: large, rugged brown scales 3, deformed body, armoured tail, roll, long
tongue, awkward tongue, claws 1, fangs 1, iridescent scales 2, sense
surroundings 1
a: Renounce Religion, Berserk, Trog's Hand, Brothers in Arms


You were on level 8 of the Dungeon.
You worshipped Trog.
Trog was greatly pleased with you.
You visited 2 branches of the dungeon, and saw 9 of its levels.

You collected 394 gold pieces.

Inventory:

Hand Weapons
 x - a +1 vampiric glaive (weapon)
Armour
 b - a +0 plate armour (worn)
 j - a +2 kite shield
Jewellery
 d - a ring of poison resistance (left claw)
 e - an amulet of magic regeneration (around neck)
 o - a +6 ring of strength (right claw)
Wands
 m - a wand of quicksilver (7)
 q - a wand of charming (12)
Scrolls
 c - 6 scrolls of identify
 f - 2 scrolls of teleportation
 l - 2 scrolls of vulnerability
 r - a scroll of fear
 s - a scroll of fog {unknown}
 u - a scroll of torment {unknown}
 v - a scroll of noise {unknown}
 w - 3 scrolls of blinking {unknown}
Potions
 h - 2 potions of attraction
 i - 5 potions of heal wounds {unknown}
 n - a potion of lignification {unknown}
 p - 2 potions of enlightenment
 t - a potion of invisibility {unknown}


   Skills:
 - Level 7.8 Fighting
 - Level 5.5(5.8) Axes
 + Level 2.2(4.2) Polearms
 - Level 2.4 Armour
 - Level 1.3 Dodging
 - Level 7.7 Shields


You had 8 spell levels left.
You didn't know any spells.
Your spell library was empty.

Dungeon Overview and Level Annotations

Branches:
Dungeon (8/15)             Temple (1/1) D:6
   Lair: D:8-11

Altars:
Ashenzari
Cheibriados
Dithmenos
Elyvilon
Fedhas
Gozag
Hepliaklqana
Kikubaaqudgha
Makhleb
Nemelex Xobeh
Okawaru
Qazlal
Ru
Trog
Uskayaw
Vehumet
Wu Jian
Yredelemnul

Shops:
D:1 *


Innate Abilities, Weirdness & Mutations

You are completely covered in rugged brown scales. (AC +3, +7% HP)
Armour fits poorly on your strangely shaped body.
You have a long armoured tail.
You roll when moving toward enemies. (Rampage)
Your long tongue fully drains potion bottles. (2x potion effects)
Your tongue gives you trouble enunciating. (1.5x scroll delay)
You have sharp fingernails.
You have very sharp teeth.
You are mostly covered in iridescent scales. (AC +4)
You passively map a small area around you.


Message History

You are too injured to fight recklessly!
You are too injured to fight recklessly!
Unknown command.
You are too injured to fight recklessly!
You are too injured to fight recklessly!
The wight pulls the alarm!
The alarm trap emits a blaring wail!
A sentinel's mark forms upon you. The wight attacks as it pursues you!
The wight hits you with a +0 battleaxe.
You hear a howl! x2; You hear a shout!
You hear a howl!
You hear a shout! x5
The wight attacks as it pursues you!
The wight hits you from afar with a +3 trident of freezing.
You feel drained. The wight freezes you.
The wight hits you with a +2 battleaxe of freezing!
* * * LOW HITPOINT WARNING * * *
You feel drained.
* * * LOW HITPOINT WARNING * * *
The wight freezes you.
* * * LOW HITPOINT WARNING * * *
There is a stone staircase leading up, spattered with blood here.
Unknown command.
You feel better.
You slurp down every last drop of the potion of curing!
The wight hits you with a +4 great sword!
* * * LOW HITPOINT WARNING * * *
You feel drained.
* * * LOW HITPOINT WARNING * * *
The wight hits you but does no damage.
The wight hits you with a +2 battleaxe of freezing.
* * * LOW HITPOINT WARNING * * *
You feel drained. The wight freezes you.
* * * LOW HITPOINT WARNING * * *
The wight barely misses you.
You slice the wight!!
You destroy the wight!
Trog accepts your kill.
The wight hits you with a +4 great sword!
* * * LOW HITPOINT WARNING * * *
You feel drained.
You die...

* * * , , , ,8 *
*, * , * * # *
####. * *
......###+#######
.......@)z.......
.......zz........
.........$)......
#####............
#............ , *
*#............ ,
,,
.............(, *
, ........#######
...######


You could see 3 wights.

Vanquished Creatures
  Maggie (D:7)
  Grinder (D:3)
  A wyvern (D:7)
  A water moccasin (D:5)
  A sky beast (D:6)
  An ice beast (D:5)
  2 ogres
  3 centaurs
  A bullfrog (D:7)
  4 scorpions
  2 wights (D:8)
  6 hounds
  3 jellies (D:5)
  A gnoll bouda (D:6)
  An orc priest (D:3)
  Ijyb (D:3)
  2 orc wizards
  7 iguanas
  13 adders
  6 gnolls (D:6)
  3 white imps
  6 ufetubi
  5 worms
  3 dart slugs
  9 orcs
  8 ball pythons
  11 endoplasms
  5 goblins
  3 hobgoblins
  11 jackals
  6 kobolds
  2 quokkas
  4 bats
  7 frilled lizards
  4 rats
145 creatures vanquished.

Notes
Turn   | Place    | Note
-------+----------+-------------------------------------------
     0 | D:1      | mattiecakes the Armataur Berserker began the quest for the
                  | Orb.
     0 | D:1      | Reached XP level 1. HP: 19/19 MP: 1/1
    72 | D:1      | Found a faded altar of an unknown god.
    88 | D:1      | Found Wiem's Assorted Antiques.
   163 | D:1      | Reached XP level 2. HP: 27/27 MP: 2/2
   895 | D:2      | Reached ** piety under Trog
   896 | D:2      | Reached XP level 3. HP: 35/35 MP: 3/3
  1267 | D:2      | Reached skill level 1 in Shields
  1333 | D:2      | Reached XP level 4. HP: 35/42 MP: 4/4
  2329 | D:3      | Reached XP level 5. HP: 32/50 MP: 5/5
  2435 | D:3      | Noticed Grinder
  2446 | D:3      | Killed Grinder
  2447 | D:3      | Reached skill level 5 in Fighting
  2447 | D:3      | Reached XP level 6. HP: 59/59 MP: 6/6
  2566 | D:3      | Noticed Ijyb
  2581 | D:3      | Killed Ijyb
  2637 | D:3      | Gained mutation: You have sharp fingernails. [potion of
                  | mutation]
  2637 | D:3      | Gained mutation: You are robust. (+10% HP) [potion of
                  | mutation]
  2637 | D:3      | Gained mutation: You have very sharp teeth. [potion of
                  | mutation]
  2637 | D:3      | Gained mutation: You are partially covered in iridescent
                  | scales. (AC +2) [potion of mutation]
  2637 | D:3      | Gained mutation: You passively map a small area around you.
                  | [potion of mutation]
  2637 | D:3      | Lost mutation: You are robust. (+10% HP) [potion of
                  | mutation]
  2637 | D:3      | Gained mutation: You are mostly covered in iridescent
                  | scales. (AC +4) [potion of mutation]
  3671 | D:4      | Reached *** piety under Trog
  3770 | D:4      | Reached XP level 7. HP: 66/66 MP: 7/7
  4212 | D:5      | Entered Level 5 of the Dungeon
  4274 | D:5      | Reached skill level 5 in Shields
  4922 | D:5      | Reached XP level 8. HP: 75/75 MP: 8/8
  5756 | D:6      | Identified the +4 ring mail "Nann" {rF+ rN+ Slay-5}
  5825 | D:6      | Found a basalt altar of Yredelemnul.
  5892 | D:6      | Reached **** piety under Trog
  6035 | D:6      | Identified the +2 ring mail "Junkoin" {rN+}
  6092 | D:6      | Reached skill level 5 in Axes
  6116 | D:6      | Found a hide-covered altar of Uskayaw.
  6236 | D:6      | Found a white marble altar of Elyvilon.
  6288 | D:6      | Found a staircase to the Ecumenical Temple.
  6297 | Temple   | Entered the Ecumenical Temple
  6485 | D:7      | Reached XP level 9. HP: 54/84 MP: 9/9
  6608 | D:7      | Noticed Maggie
  6618 | D:7      | Killed Maggie
  6714 | D:7      | Reached skill level 1 in Polearms
  6903 | D:8      | HP: 1/73 [wight/+4 great sword (16)]
  6903 | D:8      | Slain by a wight

Illustrated notes

Levels and vault maps discovered:
D:1:      minmay_arrival_pointy, layout_basic,
          ebering_ecumenical_altar_petrified, serial_shops, shop_fountains
D:2:      kennysheep_big_flooded_room, layout_loops_ring,
          corexii_leaking_fountain, minmay_door_square, chequers_jeans
D:3:      layout_loops_ring, nicolae_figureground_pulse, uniq_ijyb, uniq_grinder
D:4:      layout_gridville, abandoned_shop, kennysheep_dice
D:5:      layout_basic
D:6:      layout_rooms, eat_drink_and_be_merry_uskayaw, kennysheep_ying_yang,
          minmay_temple_entry_poolview, minmay_circle_x
D:7:      layout_rooms, uniq_maggie
D:8:      layout_basic, zin_statuary, ebering_ghost_xom, minmay_microvault,
          uniq_erica
Temple:   bh_familiar_temple

Skill      XL: |  1  2  3  4  5  6  7  8  9 |
---------------+----------------------------+-----
Fighting       | 3 4 5 6 7 |  7.8
Shields        | 1 2 4 5 7 |  7.7
Axes           | 3 5 |  5.5
Polearms       | 2 |  2.2
Armour         | |  2.4
Dodging        | |  1.3

Action                     |  1- 3 |  4- 6 |  7- 9 || total
---------------------------+-------+-------+-------++-------
  Melee: Hand axe          |   109 |   133 |   321 ||   563
         Tailslap          |    14 |    20 |    39 ||    73
         Punch             |     3 |       |       ||     3
         Bite              |       |     4 |    33 ||    37
         Glaive            |       |       |    14 ||    14
 Invoke: Berserk           |       |       |     3 ||     3
    Use: Scroll            |       |     5 |       ||     5
         Potion            |       |     3 |     1 ||     4
   Stab: Sleeping          |     2 |     1 |       ||     3
 Armour: Animal skin       |    70 |    16 |       ||    86
         Chain mail        |       |    82 |    17 ||    99
         Plate armour      |       |       |   332 ||   332
  Dodge: Dodged            |    35 |    41 |    88 ||   164
  Block: Kite shield       |    12 |    70 |   198 ||   280

Table legend: (Time is in decaauts)
 A = Elapsed time spent in this place.
 B = Non-inter-level travel time spent in this place.
 C = Inter-level travel time spent in this place.
 D = Time resting spent in this place.
 E = Time spent auto-exploring this place.
 F = Levels seen in this place.
 G = Mean time per level.
                   A        B        C        D        E       F      G
               +--------+--------+--------+--------+--------+-----+--------+
         Total |   7047 |   6452 |    595 |    187 |   5037 |   9 |  783.0 |
       Dungeon |   7035 |   6444 |    591 |    187 |   5037 |   8 |  879.4 |
        Temple |     11 |      7 |      4 |      0 |      0 |   1 |   11.0 |
               +--------+--------+--------+--------+--------+-----+--------+

Top non-repeatable levels by time:
     D:5: 1193 daAuts
     D:1: 1188 daAuts
     D:2: 1064 daAuts
     D:4: 1037 daAuts
     D:3: 993 daAuts
     D:6: 959 daAuts
     D:7: 587 daAuts
     D:8: 12 daAuts
  Temple: 11 daAuts
